 Dungeon Crawl Stone Soup version 0.18-a0-1285-g60d00e1 (webtiles) character file.

143525 4thArraOfDagon the Fencer (level 16, -20/140 HPs)
             Began as a Demigod Fighter on Feb 8, 2016.
             Killed from afar by Nikola (30 damage)
             ... with a chain lightning
             ... on level 3 of the Spider Nest.
             The game lasted 01:35:39 (20739 turns).

4thArraOfDagon the Fencer (Demigod Fighter)        Turns: 20739, Time: 01:35:40

Health: -20/140    AC: 43    Str: 19    XL:     16   Next: 30%
Magic:  22/22      EV: 15    Int: 19    God:
Gold:   2754       SH:  0    Dex: 20    Spells: 6 memorised, 2 levels left

rFire  + + .     SeeInvis .     T - +2 great sword (freeze)
rCold  + . .     Gourm    .     X - +27 Lear's hauberk
rNeg   . . .     Faith    .     (shield currently unavailable)
rPois  +         Spirit   .     (helmet currently unavailable)
rElec  .         Dismiss  .     S - +2 cloak
rCorr  .         Reflect  .     (gloves currently unavailable)
SustAt +         Harm     .     (boots currently unavailable)
MR     +....                    s - amulet "Lailakh" {rF+ Regen+ Slay+3}
Stlth  ..........               g - +2 ring of intelligence
                                a - ring of protection from cold

@: lethally poisoned (-20 -> -28), somewhat resistant to hostile enchantments,
extremely unstealthy
A: antennae 1, blurry vision 2, fire resistance 1, high mp 1, poison resistance,
sustain attributes
a: no special abilities


You were on level 3 of the Spider Nest.
You were hungry.

You visited 4 branches of the dungeon, and saw 29 of its levels.
You also visited: Labyrinth, Sewer and Ice Cave.

You collected 3066 gold pieces.
You spent 312 gold pieces at shops.

Inventory:

Hand Weapons
 o - a +1 scimitar of flaming
 r - a +2 triple crossbow of freezing
 J - a +0 blowgun
 T - a +2 great sword of freezing (weapon)
 V - the +5 scythe "Vuhiotha" {slice, *Noise Int+6 SInv}
   (You found it on level 2 of the Lair of Beasts)

   It inflicts extra damage upon your enemies.
   It affects your intelligence (+6).
   It lets you see invisible.
   It may make noises in combat.
 Z - a +7 triple sword
Armour
 A - a +1 troll leather armour
 S - a +2 cloak (worn)
 X - the +27 Lear's hauberk (worn)
   (You found it on level 12 of the Dungeon)
Jewellery
 a - a ring of protection from cold (left hand)
 g - a +2 ring of intelligence (right hand)
 h - an uncursed ring of positive energy
 j - an uncursed ring of flight
 s - the amulet "Lailakh" (around neck) {rF+ Regen+ Slay+3}
   (You found it in an ice cave)

   [amulet of regeneration]

   It affects your accuracy and damage with ranged weapons and melee attacks
   (+3).
   It protects you from fire.
   It increases your rate of regeneration.
 x - an uncursed ring of positive energy
 F - an uncursed ring of see invisible
Wands
 e - a wand of paralysis (2/24)
 i - a wand of disintegration (14/24)
 p - a wand of paralysis (13/24)
 q - a wand of iceblast (2/15)
 H - a wand of iceblast (1/15)
 M - a wand of polymorph (9/24)
 N - a wand of teleportation (4/9)
Scrolls
 b - 3 scrolls of enchant armour
 c - 2 scrolls of fear
 m - 5 scrolls of remove curse
 t - 3 scrolls of blinking
 u - 5 scrolls of teleportation
 w - 3 scrolls of fog
 E - 3 scrolls of silence
 I - a scroll of holy word
 U - 6 scrolls of recharging
 W - 2 scrolls of magic mapping
Potions
 d - 2 potions of might
 k - a potion of haste
 z - 2 potions of heal wounds
 B - 4 potions of magic
 C - 2 potions of invisibility
 G - a potion of brilliance
 L - 12 potions of curing
 O - 2 potions of cancellation
 Q - 3 potions of agility
Books
 K - a book of Power

   Spells                             Type                      Level
   a - Fulminant Prism                Conjuration/Hexes            4
   b - Iskenderun's Mystic Blast      Conjuration                  4
   c - Venom Bolt                     Conjuration/Poison           5
   d - Bolt of Magma                  Conjuration/Fire/Earth       5
   e - Iron Shot                      Conjuration/Earth            6
   f - Orb of Destruction             Conjuration                  7
   g - Spellforged Servitor           Conjuration/Summoning        7
 P - a book of Annihilations

   Spells                             Type                      Level
   a - Poison Arrow                   Conjuration/Poison           6
   b - Chain Lightning                Conjuration/Air              8
   c - Lehudib's Crystal Spear        Conjuration/Earth            8
   d - Glaciate                       Conjuration/Ice              9
   e - Fire Storm                     Conjuration/Fire             9
 R - a Necronomicon

   Spells                             Type                      Level
   a - Haunt                          Necromancy/Summoning         7
   b - Borgnjor's Revivification      Necromancy                   8
   c - Death's Door                   Charms/Necromancy            8
   d - Necromutation                  Transmutation/Necromancy     8
Miscellaneous
 l - a phial of floods
 v - an ornate deck of summoning {drawn: 2}
 y - a plain deck of changes {Dowsing}
 D - a plain deck of changes {Dowsing, drawn: 5}
 Y - a lamp of fire (inert)
Comestibles
 f - 18 bread rations
 n - 11 meat rations


   Skills:
 + Level 12.3 Fighting
 * Level 19.8 Long Blades
 + Level 12.6 Armour
 + Level 10.3 Dodging
   Level 2.7 Shields
 - Level 4.0 Evocations


You had 2 spell levels left.
You knew the following spells:

 Your Spells              Type           Power        Failure   Level  Hunger
a - Repel Missiles        Chrm/Air       #.....       99%         2    ###....
b - Swiftness             Chrm/Air       #.......     99%         2    ###....
c - Cure Poison           Pois           #.........   99%         2    ###....
d - Apportation           Tloc           #.........   96%         1    ##.....
e - Blink                 Tloc           N/A          99%         2    ###....
f - Passage of Golubria   Tloc           N/A          100%        4    #####..


Dungeon Overview and Level Annotations

Branches:
Dungeon (15/15)            Temple (0/1) D:4            Lair (8/8) D:8
 Spider (4/4) Lair:3        Slime (0/6) Lair:7          Orc (2/2) D:12
    Elf (0/3) Orc:2
  Swamp: Lair:3-6    Shoals: Lair:3-6    Vaults: D:13-14     Depths: D:15

Shops:
D:7 :   D:9 :   D:10 [   D:15 }   Orc:2 ?%[=

Annotations:
D:4 Dowan, Duvessa, Eustachio
D:12 exclusion: upstairs
D:14 exclusion: ice statue
Lair:2 exclusion: upstairs
Spider:3 Nikola


Innate Abilities, Weirdness & Mutations

You have an increased reservoir of magic (+10% MP).
Your attributes are resistant to harm.
You have a pair of small antennae on your head.
Scrolls take you longer to read.
Your flesh is heat resistant.
Your system is resistant to poisons.


Message History

The lightning arc hits you!
The lightning arc hits the jumping spider.
The lightning arc hits you! x2
* * * LOW HITPOINT WARNING * * *
The lightning arc hits the jumping spider.
The jumping spider dies!
The lightning arc hits you!
* * * LOW HITPOINT WARNING * * *
You begin reading the scroll.
You continue reading the scroll.
You feel sick. The redback completely misses you.
Nikola mumbles some strange words.
You hear a mighty clap of thunder!
The lightning arc hits the redback.
The redback dies!
The lightning arc hits you!
* * * LOW HITPOINT WARNING * * *
The lightning arc hits Nikola.
The lightning arc hits you!
* * * LOW HITPOINT WARNING * * *
The lightning arc hits Nikola.
The lightning arc hits you!
You die...

## ### ######.##>#
######### #....^....#
#.......# ..........###
###....@†.# .............
#.#.....@.###....##......
#.........##### #†#####
#.........## ##.#
#.......##.## ##..#
##.....##..^####.#..#
##...###.......####.##
###.............## #..#
#................# #..
#......##......#..# #.


You could see Nikola.

Vanquished Creatures
  Agnes (Spider:2)
  A frost giant (IceCv)
  2 emperor scorpions
  Louise (Spider:2)
  A spark wasp (Spider:4)
  A fire dragon (D:15)
  A minotaur (Lab)
  Josephine (D:13)
  2 hydras
  Harold (D:11)
  An entropy weaver (Spider:1)
  Fannar (Orc:1)
  2 centaur warriors
  5 catoblepae
  A queen ant (D:12)
  23 death yaks (Lair:8)
  Urug (Lair:2)
  Nergalle (Orc:1)
  A fire crab (Lair:8)
  An unseen horror (D:14)
  12 orb spiders
  3 hill giants
  A necromancer (Spider:1)
  7 wolf spider zombies (Spider:1)
  4 deep elf magi (D:14)
  5 griffons
  5 cyclopes
  3 orc knights
  2 hornets
  17 wolf spiders
  A salamander (D:14)
  3 ugly things
  A manticore (D:14)
  5 black mambas
  2 moths of wrath
  3 centaur zombies
  25 elephants
  A torpor snail (Spider:3)
  8 spiny frogs
  An ice statue (IceCv)
  3 komodo dragons
  3 kobold demonologists (D:13)
  14 redback zombies (Spider:1)
  A fire drake (Lair:7)
  An efreet (D:14)
  8 demonic crawlers
  3 trolls
  15 jumping spiders
  19 polar bears
  3 two-headed ogres
  Grinder (D:3)
  A boulder beetle (Lair:8)
  5 slime creatures (D:14)
  30 blink frogs
  6 tarantella zombies (Spider:1)
  Sigmund (D:5)
  4 shadows (Lab)
  4 wraiths (D:13)
  35 redbacks
  14 tarantellas
  3 wyverns
  A yak (shapeshifter) (D:14)
  5 basilisks
  85 yaks
  5 hungry ghosts
  6 hippogriffs
  2 vampire mosquitoes (D:15)
  23 wolves
  3 wargs
  6 soldier ants (D:12)
  10 swamp worms (Lair:6)
  17 water moccasins
  6 porcupines
  16 ice beasts
  35 orc warriors
  2 sky beasts
  An eye of draining (D:12)
  2 phantoms
  2 wasps
  A black bear (D:13)
  9 ogres
  13 crocodiles
  24 centaurs
  Blork the orc (D:6)
  3 big kobolds
  20 giant frogs
  A wyvern skeleton (D:8)
  7 scorpions
  21 wights
  8 crimson imps
  A lava snake (Lair:1)
  2 giant frog zombies
  2 gnoll shamans
  2 jellies
  7 hounds
  A quasit (D:9)
  13 orc priests
  19 orc wizards
  2 giant frog skeletons
  8 iguanas
  Terence (D:3)
  24 worker ants
  11 sheep
  3 hound skeletons
  A worker ant zombie (D:6)
  10 gnolls
  6 adders
  25 river rats
  4 shadow imps
  10 oozes (Sewer)
  An adder skeleton (D:4)
  14 worms
  15 giant geckos
  68 orcs
  11 ball pythons
  12 bats
  27 giant cockroaches
  5 goblins
  8 hobgoblins
  4 jackals (D:1)
  19 kobolds
  2 quokkas
  18 giant newts
  3 goblin skeletons (D:4)
  4 hobgoblin zombies (D:4)
  2 orc skeletons (D:4)
  3 orc zombies (D:4)
  A quokka skeleton (D:9)
  6 rats
  A fungus (Lair:8)
  2 plants (Lair:6)
1045 creatures vanquished.

Vanquished Creatures (others)
  2 jumping spiders
  A tarantella (Spider:2)
  2 yaks (IceCv)
  A redback (Spider:3)
  2 bushes (D:14)
  A fire vortex (D:15)
  31 fungi
  21 plants
61 creatures vanquished.

Grand Total: 1106 creatures vanquished

Notes
Turn   | Place    | Note
--------------------------------------------------------------
     0 | D:1      | 4thArraOfDagon the Demigod Fighter began the quest for the Orb.
     0 | D:1      | Reached XP level 1. HP: 18/18 MP: 3/3
   149 | D:1      | Reached XP level 2. HP: 22/25 MP: 4/4
   832 | D:2      | Found a radiant altar of Vehumet.
   914 | D:2      | Reached XP level 3. HP: 24/30 MP: 5/5
  1015 | D:2      | Reached skill level 3 in Long Blades
  1147 | D:2      | Found a glowing silver altar of Zin.
  1736 | D:3      | Noticed Grinder
  1742 | D:3      | Gained mutation: Your flesh is heat resistant. [potion of beneficial mutation]
  1753 | D:3      | Killed Grinder
  1753 | D:3      | Reached skill level 4 in Long Blades
  1753 | D:3      | Reached XP level 4. HP: 13/40 MP: 6/6
  1753 | D:3      | Reached XP level 5. HP: 14/46 MP: 7/7
  1859 | D:3      | Found an ancient bone altar of Kikubaaqudgha.
  2058 | D:3      | Noticed Terence
  2075 | D:3      | Killed Terence
  2280 | D:3      | Reached XP level 6. HP: 52/52 MP: 8/8
  2381 | D:4      | Found a glowing drain.
  2414 | Sewer    | Entered a sewer
  2806 | Sewer    | Gained mutation: You are covered in fur (AC +1). [potion of mutation]
  2806 | Sewer    | Gained mutation: You are agile. (Dex +2) [potion of mutation]
  2806 | Sewer    | Gained mutation: Armour fits poorly on your strangely shaped body. [potion of mutation]
  2809 | Sewer    | Reached skill level 5 in Long Blades
  2837 | Sewer    | Turgon: Tree kills frogs
  2858 | Sewer    | Learned a level 2 spell: Repel Missiles
  2861 | Sewer    | Learned a level 2 spell: Swiftness
  2914 | D:4      | Found a stormy altar of Qazlal.
  2935 | D:4      | 4thArraOfDagon: how ridiculous that sounds hahah
  3069 | D:4      | Reached XP level 7. HP: 33/60 MP: 9/9
  3222 | D:4      | Gained mutation: You passively map a small area around you. [mutagenic meat]
  3223 | D:4      | Gained mutation: You are partially covered in icy blue scales (AC +1). [mutagenic meat]
  3225 | D:4      | Gained mutation: Scrolls take you a little longer to read. [mutagenic meat]
  3227 | D:4      | Lost mutation: You are agile. (Dex +2) [mutagenic meat]
  3257 | D:4      | Found a glowing golden altar of the Shining One.
  3272 | D:4      | Turgon: So what did you get after all? rF+ and ?
  3378 | D:4      | Found a staircase to the Ecumenical Temple.
  3431 | D:4      | Found an iron altar of Okawaru.
  3512 | D:4      | Noticed Duvessa
  3512 | D:4      | Noticed Eustachio
  3513 | D:4      | Noticed Dowan
  3595 | D:5      | Entered Level 5 of the Dungeon
  3691 | D:5      | Noticed Sigmund
  3699 | D:5      | Killed Sigmund
  3699 | D:5      | Reached skill level 5 in Fighting
  3699 | D:5      | Reached skill level 6 in Long Blades
  3699 | D:5      | Reached skill level 5 in Armour
  3931 | D:5      | Reached XP level 8. HP: 46/68 MP: 10/10
  3955 | D:5      | 4thArraOfDagon: quite bad
  3955 | D:5      | Turgon: but you can't resist
  3955 | D:5      | Turgon: ... gambling
  3956 | D:5      | Found a bloodstained altar of Trog.
  4444 | D:6      | Noticed Blork the orc
  4464 | D:6      | Killed Blork the orc
  4464 | D:6      | Reached skill level 7 in Long Blades
  4995 | D:6      | Gained mutation: You have large cloven feet. [potion of mutation]
  4995 | D:6      | Gained mutation: Your system is resistant to poisons. [potion of mutation]
  4995 | D:6      | Lost mutation: You are covered in fur (AC +1). [potion of mutation]
  5347 | D:7      | Reached skill level 8 in Long Blades
  5360 | D:7      | Found Serph's Book Boutique.
  5381 | D:7      | Found a sacrificial altar of Ru.
  5550 | D:7      | Reached XP level 9. HP: 70/75 MP: 11/11
  6231 | D:8      | Reached skill level 9 in Long Blades
  6291 | D:8      | Found a staircase to the Lair.
  6348 | D:8      | Found a shadowy altar of Dithmenos.
  6410 | D:8      | HP: 3/78 [ice beast (14)]
  6524 | D:8      | Found a snail-covered altar of Cheibriados.
  7183 | D:9      | Found Buebloul's Book Shop.
  7207 | D:9      | Reached skill level 1 in Dodging
  7241 | D:9      | Reached XP level 10. HP: 22/86 MP: 13/13
  7275 | D:9      | Found a blossoming altar of Fedhas.
  7326 | D:9      | Found a shattered altar of Ashenzari.
  7539 | D:10     | Entered Level 10 of the Dungeon
  7655 | D:10     | Noticed a red ugly thing
  7664 | D:10     | Killed a red ugly thing
  7664 | D:10     | Reached skill level 10 in Long Blades
  7686 | D:10     | Found Kaniwy's Antique Armour Emporium.
  7699 | D:10     | Turgon: At least passive mapping is quite useful imo
  7991 | D:10     | Noticed a hill giant
  8006 | D:10     | Killed a hill giant
  8116 | D:11     | Noticed Harold
  8120 | D:11     | Noticed an eight-headed hydra
  8121 | D:11     | Killed Harold
  8575 | D:10     | Noticed a hill giant
  8591 | D:10     | Killed a hill giant
  8601 | D:10     | Gained mutation: Your flesh is very heat resistant. [mutagenic meat]
  8602 | D:10     | Lost mutation: You passively map a small area around you. [mutagenic meat]
  8628 | D:10     | Turgon: rF++ rPois (!)
  8717 | D:11     | Noticed a cyclops
  8739 | D:11     | Killed a cyclops
  8739 | D:11     | Reached skill level 11 in Long Blades
  8753 | D:11     | Noticed a seven-headed hydra
  8913 | D:11     | Reached XP level 11. HP: 88/95 MP: 14/14
  9005 | D:12     | Noticed a death knight
  9358 | D:12     | Found a staircase to the Orcish Mines.
  9585 | D:12     | Noticed a queen ant
  9586 | D:12     | 4thArraOfDagon: hauberk
  9615 | D:12     | Killed a queen ant
  9957 | D:12     | Reached skill level 5 in Dodging
 10076 | D:13     | Noticed a catoblepas
 10124 | D:13     | Reached skill level 12 in Long Blades
 10170 | D:13     | Noticed a seven-headed hydra
 10499 | D:14     | Noticed a hill giant
 10518 | D:14     | Killed a hill giant
 10674 | D:14     | Reached XP level 12. HP: 87/105 MP: 15/15
 10871 | D:15     | Entered Level 15 of the Dungeon
 10937 | D:14     | Noticed a centaur warrior
 10946 | D:14     | Killed a centaur warrior
 10994 | D:14     | Gained mutation: Scrolls take you longer to read. [mutagenic meat]
 11035 | D:15     | Noticed a fire dragon
 11055 | D:15     | Killed a fire dragon
 11055 | D:15     | Reached skill level 13 in Long Blades
 11088 | D:15     | Found Zaabotal's Gadget Emporium.
 11147 | D:15     | Noticed a salamander stormcaller
 11196 | D:14     | Reached skill level 10 in Fighting
 11219 | D:13     | Noticed a centaur warrior
 11232 | D:13     | Killed a centaur warrior
 11593 | D:13     | Killed a catoblepas
 11593 | D:13     | Reached skill level 10 in Armour
 11624 | D:13     | Learned a level 2 spell: Cure Poison
 11712 | D:13     | Noticed Josephine
 11734 | D:13     | Killed Josephine
 11885 | Orc:1    | Entered Level 1 of the Orcish Mines
 11885 | Orc:1    | Noticed Fannar
 11953 | Orc:2    | Entered Level 2 of the Orcish Mines
 12101 | D:12     | 4thArraOfDagon: brb
 12614 | Orc:2    | Reached XP level 13. HP: 87/113 MP: 16/16
 12754 | Orc:2    | Found Uroobanit's Antique Armour Shoppe.
 12754 | Orc:2    | Found Daecifyxt's Food Shop.
 12756 | Orc:2    | Found Iso Qala's Magic Scroll Boutique.
 12758 | Orc:2    | Found Sufuw's Jewellery Emporium.
 12767 | Orc:2    | Bought a scroll of enchant weapon for 120 gold pieces
 12767 | Orc:2    | Bought 3 scrolls of identify for 96 gold pieces
 12767 | Orc:2    | Bought a scroll of identify for 32 gold pieces
 12767 | Orc:2    | Bought a scroll of identify for 32 gold pieces
 12767 | Orc:2    | Bought a scroll of identify for 32 gold pieces
 12916 | Orc:2    | Found a roughly hewn altar of Beogh.
 13012 | Orc:2    | Found a staircase to the Elven Halls.
 13264 | Orc:1    | Noticed Nergalle
 13274 | Orc:1    | Killed Nergalle
 13408 | Orc:1    | Reached skill level 14 in Long Blades
 13424 | Orc:1    | Killed Fannar
 13681 | Lair:1   | Entered Level 1 of the Lair of Beasts
 13756 | Lair:1   | Found a frozen archway.
 13787 | IceCv    | Entered an ice cave
 13975 | IceCv    | Got a warped emerald amulet
 13986 | IceCv    | Identified the amulet "Lailakh" {rF+ Regen+ Slay+3} (You found it in an ice cave)
 14056 | IceCv    | brb
 14261 | IceCv    | Noticed a frost giant
 14279 | IceCv    | Killed a frost giant
 14279 | IceCv    | Reached skill level 15 in Long Blades
 14333 | IceCv    | Lost mutation: You are partially covered in icy blue scales (AC +1). [potion of cure mutation]
 14333 | IceCv    | Lost mutation: Your flesh is very heat resistant. [potion of cure mutation]
 14333 | IceCv    | Lost mutation: Armour fits poorly on your strangely shaped body. [potion of cure mutation]
 14832 | Lair:2   | Noticed Urug
 14844 | Lair:2   | Killed Urug
 14876 | Lair:2   | Got a transparent scythe
 14921 | Lair:2   | Identified the +5 scythe "Vuhiotha" {slice, *Noise Int+6 SInv} (You found it on level 2 of the Lair of Beasts)
 14994 | Lair:3   | Found a hole to the Spider Nest.
 15354 | Lair:4   | Reached XP level 14. HP: 90/122 MP: 17/17
 15559 | Lair:4   | Turgon: Lear (!)
 15641 | Lair:4   | 4thArraOfDagon: yea
 15641 | Lair:4   | 4thArraOfDagon: and quite amazing amu
 15694 | Lair:4   | Turgon: Dropped ring telep?
 15725 | Lair:4   | emiel: trunk nerfed it
 15725 | Lair:4   | 4thArraOfDagon: yea
 15815 | Lair:5   | 4thArraOfDagon: no more 500+teles per game
 15815 | Lair:5   | 4thArraOfDagon: no more 25k games
 15815 | Lair:5   | 4thArraOfDagon: but who cares
 15815 | Lair:5   | 4thArraOfDagon: i dont
 15899 | Lair:5   | Turgon: So you need a lucky telep in tomb:2
 15916 | Lair:5   | Found a labyrinth entrance.
 15926 | Lab      | Entered a labyrinth
 16169 | Lair:5   | Turgon: wand disint - nothing else??
 16207 | Lair:5   | Turgon: very bad loot
 16306 | Lair:5   | 4thArraOfDagon: its ok
 16306 | Lair:5   | ipx: why are you carrying this scythe?
 16458 | Lair:6   | Turgon: I guess he is afraid to lose one turn by dropping it
 16505 | Lair:6   | Reached skill level 16 in Long Blades
 16737 | Lair:6   | 4thArraOfDagon: scythe
 16737 | Lair:6   | 4thArraOfDagon: =2aut
 16737 | Lair:6   | ipx: oh i see
 16737 | Lair:6   | 4thArraOfDagon: and +6int
 16739 | Lair:6   | 4thArraOfDagon: bread swining is still not fixed
 16995 | Lair:7   | Learned a level 1 spell: Apportation
 16998 | Lair:7   | Learned a level 2 spell: Blink
 17003 | Lair:7   | Learned a level 4 spell: Passage of Golubria
 17047 | Lair:7   | Found a viscous altar of Jiyva.
 17048 | Lair:7   | Found a staircase to the Slime Pits.
 17213 | Lair:8   | Entered Level 8 of the Lair of Beasts
 17568 | Lair:8   | kroki: whats up bud
 17630 | Lair:8   | Reached XP level 15. HP: 103/132 MP: 18/18
 17695 | Lair:8   | kroki: how did you get this unholy ac in lair
 17760 | Lair:8   | 4thArraOfDagon: sup
 17760 | Lair:8   | 4thArraOfDagon: hauberk D
 17760 | Lair:8   | kroki: that amu tho
 17760 | Lair:8   | 4thArraOfDagon: yea and amu
 17760 | Lair:8   | kroki: mutations?
 17760 | Lair:8   | kroki: lmapo
 17760 | Lair:8   | 4thArraOfDagon: doable
 17760 | Lair:8   | kroki: good going
 17760 | Lair:8   | 4thArraOfDagon: instawin :D
 17929 | Lair:8   | Reached skill level 17 in Long Blades
 17939 | Lair:8   | Gained mutation: You have a pair of small antennae on your head. [potion of beneficial mutation]
 18177 | Lair:8   | Reached skill level 18 in Long Blades
 18644 | Spider:1 | Entered Level 1 of the Spider Nest
 18696 | Spider:1 | Reached skill level 19 in Long Blades
 19023 | Spider:2 | Reached skill level 1 in Evocations
 19456 | Spider:1 | Reached skill level 10 in Dodging
 19614 | Spider:2 | Noticed Louise
 19615 | Spider:2 | Noticed Agnes
 19805 | Spider:2 | Reached XP level 16. HP: 136/139 MP: 20/22
 19845 | Spider:2 | Killed Agnes
 19883 | Spider:2 | Drew Focus: Dex increased to 20, Int decreased to 17
 19894 | Spider:2 | Killed Louise
 19938 | Spider:2 | Lost mutation: You have large cloven feet. [helix card]
 20606 | Spider:4 | Entered Level 4 of the Spider Nest
 20734 | Spider:4 | Noticed Nikola
 20739 | Spider:3 | Killed from afar by Nikola

Vault maps used:
D:1:      dpeg_arrival_ternary, serial_bayou_pond_e
D:2:      vehumet_crystals, lemuel_crystal_altar, kennysheep_generic_room_4
D:3:      lemuel_round_altar, first_bread, grunt_ministairs_7, uniq_grinder,
          uniq_terence
D:4:      nicolae_overflow_hidden_temple, grunt_qazlal_clouds,
          marbit_many_paths, minmay_temple_entry_poolview,
          gup_sewer_entry_glass, nicolae_tso_besieged_by_evil, uniq_duvessa,
          uniq_eustachio
D:5:      lemuel_round_altar, uniq_sigmund
D:6:      uniq_blork_the_orc
D:7:      nicolae_ru_path_of_blood, serial_shops, shop
D:8:      kennysheep_mini_moat, nicolae_overflow_crystal_walls,
          dpeg_lair_monsters
D:9:      overflow_temple_1_default, kennysheep_little_box, serial_shops, shop
D:10:     serial_shops, nicolae_shop_overgrown_old_shop
D:11:     uniq_harold
D:12:     david_orc_3, hangedman_pestilent_swarm, corexii_leaking_fountain,
          grunt_ministairs_14, minmay_another_anthill
D:13:     uniq_josephine
D:14:     minmay_statue_hallways, david_vaults_5, serial_park_square1,
          serial_bayou_crossing
D:15:     gammafunk_enter_depths_forms, serial_shops,
          nicolae_shop_window_shopping
Lair:1:   portal_ice_cave_entry_ice_beasts
Lair:2:   minivault_25, uniq_urug
Lair:3:   nicolae_swamp_entry_splash_gauntlet, nicolae_spider_entry_non_spiders,
          bh_autumn_forest_stairs
Lair:4:   grunt_megastairs_3
Lair:5:   lab_entry_generic
Lair:6:   grunt_forest_small_clearings, worms_lemuel, grunt_megastairs_5
Lair:7:   dpeg_slime_entry_enclosed_altar, serial_bayou_shore_b
Lair:8:   evilmike_catoblepas_cave, grunt_megastairs_4
Spider:1: lemuel_spider_zombies
Spider:2: spider_trap, nicolae_spider_cling_halls, uniq_louise, uniq_agnes
Spider:4: grunt_spider_rune_circles, uniq_nikola
Orc:1:    uniq_nergalle, uniq_fannar
Orc:2:    st_orc_rangers, basic_altar, nicolae_orc_pool_cavern, abandoned_shop,
          nicolae_orc_sculptors_studio
Lab:      labyrinth_spiral, nicolae_lab_arrow, nicolae_lab_statue,
          nicolae_lab_flowing_pool, nicolae_lab_grate_2, nicolae_lab_swirl,
          nicolae_lab_grate, nicolae_lab_dead_end, nicolae_lab_lava,
          nicolae_lab_diamond, nicolae_lab_plus, lab_block
Sewer:    sewer_frog_island_02
IceCv:    ice_cave_caverns_02

Action                   |  1- 3 |  4- 6 |  7- 9 | 10-12 | 13-15 | 16-18 || total
-------------------------+-------+-------+-------+-------+-------+-------++-------
Melee: Long sword        |   152 |   307 |   533 |       |       |       ||   992
       Rapier            |     1 |       |       |       |       |       ||     1
       Great sword       |       |       |    48 |   875 |   831 |   198 ||  1952
       Triple sword      |       |       |       |       |  1149 |       ||  1149
       Scimitar          |       |       |       |       |     8 |       ||     8
 Fire: Blowgun           |       |       |     3 |       |       |       ||     3
Evoke: Wand              |       |     6 |    34 |    21 |     1 |     2 ||    64
       Deck              |       |       |       |     3 |     1 |     3 ||     7
       Lamp of fire      |       |       |       |       |     1 |     1 ||     2
  Use: Potion            |     3 |     4 |     2 |     2 |     5 |     1 ||    17
       Scroll            |       |     2 |    17 |    17 |    14 |     2 ||    52
 Stab: Paralysed         |       |     9 |    41 |    17 |       |       ||    67
       Confused          |       |       |     7 |     6 |       |       ||    13
       Invisible         |       |       |       |       |     5 |       ||     5
       Distracted        |       |       |       |       |     1 |       ||     1
  Eat: Chunk             |     2 |     7 |    20 |    25 |     8 |     2 ||    64
       Royal jelly       |       |       |       |     1 |     1 |       ||     2
       Fruit             |       |       |       |     5 |     8 |       ||    13
       Beef jerky        |       |       |       |       |     7 |       ||     7
       Pizza             |       |       |       |       |     4 |       ||     4
